 Dungeon Crawl Stone Soup version 0.29.0-4-gdea44cf6ec (webtiles) character file.

Game seed: 1533749565043787575

12 qw the Sneak (level 2, -17/14 HPs)
             Began as a Felid Delver on Aug 27, 2022.
             Killed from afar by a steam dragon (19 damage)
             ... with a ball of steam
             ... on level 3 of the Dungeon.
             The game lasted 00:00:02 (361 turns).

qw the Sneak (Felid Delver)                          Turns: 361, Time: 00:00:03

Health: -17/14     AC:  1    Str:  8    XL:     2   Next: 20%
Magic:  3/3        EV: 17    Int: 11    God:
Gold:   76         SH:  0    Dex: 17    Spells: 1/1 levels left
                                        Lives:  0   Deaths: 0

rFire   . . .      SeeInvis +     - Unarmed
rCold   . . .      Faith    .   (shield unavailable)
rNeg    . . .      Spirit   .   (body armour unavailable)
rPois   .          Reflect  .   (helmet unavailable)
rElec   .          Harm     .   (cloak unavailable)
rCorr   .          Rampage  .   (gloves unavailable)
Will    .....                   (boots unavailable)
Stlth   +++.......              (no amulet)
HPRegen 0.04/turn               (no ring)
MPRegen 0.08/turn               (no ring)

@: quick
A: very small, claws 1, fangs 3, see invisible, speed 1, shaggy fur 1, stealthy
paws, no weapons or thrown items, no armour, multi-lived
a: no special abilities


You were on level 3 of the Dungeon.
You visited 1 branch of the dungeon, and saw 3 of its levels.

You collected 76 gold pieces.


Innate Abilities, Weirdness & Mutations

You have sharp claws.
You have razor-sharp teeth.
You have supernaturally acute eyesight. (SInv)
You cover ground quickly. (Speed+)
You are covered in fur. (AC +1)
Your paws help you pounce on unaware monsters.
You are incapable of wielding weapons or throwing items.
You cannot wear armour.
You gain extra lives every three experience levels.


   Skills:
 - Level 3.0 Fighting
 - Level 2.6 Dodging
 - Level 6.6 Stealth
 + Level 2.9 Unarmed Combat


You had one spell level left.
You didn't know any spells.
Your spell library was empty.

Inventory:

Jewellery
 g - a ring of ice
Wands
 e - a wand of digging (3)
Scrolls
 a - a scroll of teleportation {unknown}
 c - a scroll of noise {unknown}
Potions
 b - a potion of magic {unknown}
 d - a potion of haste
 f - a potion of brilliance {unknown}

Dungeon Overview and Level Annotations

Branches:
Dungeon (5/15)
 Temple: D:4-7

Altars:


Message History

You barely miss the giant cockroach.
The giant cockroach is heavily wounded.
The giant cockroach bites you.
You closely miss the giant cockroach.
The giant cockroach is heavily wounded.
The giant cockroach bites you.
You completely miss the giant cockroach.
The giant cockroach is heavily wounded.
The giant cockroach closely misses you.
You scratch the giant cockroach.
You kill the giant cockroach!
You start resting.
A steam dragon comes into view.
351 ||| Stepping ~*~*~tactically~*~*~ (stealth).
The steam dragon hisses angrily.
353 ||| Stepping ~*~*~tactically~*~*~ (hiding).
You scratch the steam dragon.
The steam dragon is lightly wounded.
The steam dragon closely misses you. The steam dragon claws you.
You barely miss the steam dragon.
The steam dragon is lightly wounded.
The steam dragon barely misses you. x2
You scratch the steam dragon but do no damage.
The steam dragon is lightly wounded.
The steam dragon barely misses you. x2
You closely miss the steam dragon.
The steam dragon is lightly wounded.
The steam dragon bites you!
Ouch! That really hurt!
The steam dragon claws you.
You scratch the steam dragon but do no damage.
You bite the steam dragon.
The steam dragon is lightly wounded.
The steam dragon barely misses you. x2
You closely miss the steam dragon.
The steam dragon is lightly wounded.
The steam dragon breathes steam at you. The ball of steam hits you!!
Ouch! That really hurt!
You die...

######### ###........#
##........#.#
#...........#
###..##..##...#######
#....##..##.........#
#....##.........#.#
#....##...........####
.#...#@.##.##.##.......
.........D##.##.##.......
###............#.........
#[..........#.##.#..#..
#....###.......##..##...
......# ###.........##...
##.... ###.........#..
.... ...#........
...##.......


You could see a steam dragon (catching breath).

Vanquished Creatures
  A dart slug (D:4)
  2 ball pythons (D:4)
  A bat (D:3)
  2 endoplasms
  A giant cockroach (D:3)
  A hobgoblin (D:4)
  A rat (D:3)
9 creatures vanquished.

Notes
Turn   | Place    | Note
-------+----------+-------------------------------------------
     0 | D:5      | qw the Felid Delver began the quest for the Orb.
     0 | D:5      | Reached XP level 1. HP: 10/10 MP: 2/2
     0 | D:5      | 0 ||| qw: Version: 0.1-a-89-g26bdef1
     0 | D:5      | 0 ||| qw: Game counter: 67
     0 | D:5      | 0 ||| qw: Always use a shield: true
     0 | D:5      | 0 ||| qw: God list: Okawaru, Trog
     0 | D:5      | 0 ||| qw: Allow faded altars: false
     0 | D:5      | 0 ||| qw: Do Orc after D:15 true
     0 | D:5      | 0 ||| qw: Do second Lair branch before Depths: true
     0 | D:5      | 0 ||| qw: Lair rune preference: random
     0 | D:5      | 0 ||| qw: Plans: Normal
     0 | D:5      | 0 ||| PLANNING D:1-11
    34 | D:5      | 34 ||| READING scroll labelled RIRCHORI MIUZ.
    35 | D:5      | 35 ||| DROPPING scroll of fog.
    36 | D:5      | 36 ||| DROPPING scroll of magic mapping.
    37 | D:5      | 37 ||| DROPPING scroll of fear.
   207 | D:4      | 207 ||| READING scroll labelled BYTANUFIFU.
   208 | D:4      | 208 ||| READING scroll labelled RUSMOE UWNYC.
   226 | D:3      | Reached XP level 2. HP: 14/14 MP: 3/3
   349 | D:3      | Noticed a steam dragon
   351 | D:3      | 351 ||| Stepping ~*~*~tactically~*~*~ (stealth).
   353 | D:3      | 353 ||| Stepping ~*~*~tactically~*~*~ (hiding).
   359 | D:3      | HP: 3/14 [steam dragon (7)]
   361 | D:3      | Killed from afar by a steam dragon

Levels and vault maps discovered:
D:3:      minmay_general_purpose_star, layout_basic, hangedman_decor_growths,
          chequers_serial_rivers_marsh, roderic_roman_lattice
D:4:      layout_basic, beargit_hepliaklqana_dungeon_heroes, slow_altar_2,
          uniq_eustachio
D:5:      layout_loops_ring

Action                   || total
-------------------------++-------
Melee: Unarmed           ||    23
       Bite              ||     2
  Use: Scroll            ||     3
 Stab: Sleeping          ||     2
Armor: Skin              ||     3
Dodge: Dodged            ||    12

Table legend:
 A = Non-vault XP
 B = Vault XP
 C = Vault XP percentage of total XP
 D = Non-vault monster count
 E = Vault monster count
 F = Vault count percentage of total count
                 A         B        C        D         E       F
            +---------+---------+-------+---------+---------+-------
      Total |      18 |       0 |   0.0 |       9 |       0 |   0.0
            +---------+---------+-------+---------+---------+-------
        D:3 |       7 |       0 |   0.0 |       4 |       0 |   0.0
        D:4 |      11 |       0 |   0.0 |       5 |       0 |   0.0
            +---------+---------+-------+---------+---------+-------
